 Dungeon Crawl Stone Soup version 0.24.0-35-gdb84b6a5db (webtiles) character file.

Game seed: 5464881463689306563, levelgen mode: deterministic

146 Mrkan the Chopper (level 5, -4/47 HPs)
             Began as a Minotaur Fighter on Nov 17, 2019.
             Was a Follower of Nemelex Xobeh.
             Slain by a gnoll
             ... wielding a +0 flail
              (7 damage)
             ... on level 4 of the Dungeon.
             The game lasted 00:04:48 (2422 turns).

Mrkan the Chopper (Minotaur Fighter)                Turns: 2422, Time: 00:04:49

Health: -4/47      AC:  7    Str: 20    XL:     5   Next: 7%
Magic:  4/4        EV:  7    Int:  5    God:    Nemelex Xobeh [*.....]
Gold:   330        SH:  9    Dex: 11    Spells: 4/4 levels left

rFire    . . .     SeeInvis .   a - +0 war axe
rCold    . . .     Gourm    .   c - +0 shield
rNeg     . . .     Faith    .   b - +0 scale mail
rPois    .         Spirit   .   (helmet restricted)
rElec    .         Reflect  .   (no cloak)
rCorr    .         Harm     .   (no gloves)
MR       .....                  (no boots)
Stlth    ..........             (no amulet)
HPRegen  0.15/turn              (no ring)
MPRegen  0.09/turn              (no ring)

@: no status effects
A: retaliatory headbutt, horns 2
a: Draw Escape, Draw Destruction, Draw Summoning, Renounce Religion


You were on level 4 of the Dungeon.
You worshipped Nemelex Xobeh.
Nemelex Xobeh was aware of your devotion.
You were hungry.

You visited 1 branch of the dungeon, and saw 4 of its levels.

You collected 330 gold pieces.

Inventory:

Hand Weapons
 a - a +0 war axe (weapon)
Missiles
 m - 7 curare-tipped darts (quivered)
Armour
 b - a +0 scale mail (worn)
 c - a +0 shield (worn)
Wands
 o - a wand of random effects (9)
Scrolls
 h - 6 scrolls of identify {unknown}
 j - 2 scrolls of random uselessness {unknown}
 l - 2 scrolls of fear {unknown}
 p - 3 scrolls of teleportation {unknown}
 q - a scroll of remove curse {unknown}
Potions
 d - 3 potions of might
 e - 4 potions of curing
 g - a potion of brilliance {unknown}
 i - 2 potions of flight {unknown}
 k - 4 potions of heal wounds {unknown}
 n - 2 potions of lignification {unknown}
Comestibles
 f - 7 rations


   Skills:
 + Level 4.4 Fighting
 * Level 4.5 Axes
 + Level 4.4 Armour
 + Level 4.4 Shields


You had 4 spell levels left.
You didn't know any spells.
Your spell library was empty.

Dungeon Overview and Level Annotations

Branches:
Dungeon (4/15)
 Temple: D:4-7

Altars:
Nemelex Xobeh


Innate Abilities, Weirdness & Mutations

You reflexively headbutt those who attack you in melee.
You have a pair of horns on your head.


Message History

The gnoll hits you but does no damage. The orc wizard casts a spell at you.
The magic dart hits you.
* * * LOW HITPOINT WARNING * * *
You block the orc wizard's attack.
An orc comes into view. It is wielding a +0 hand axe.
The orc wizard hits you with a +0 dagger.
* * * LOW HITPOINT WARNING * * *
It was a potion of curing.
You feel better. The gnoll hits you with a +0 flail.
* * * LOW HITPOINT WARNING * * *
You block the orc wizard's attack.
The orc throws a boomerang.
The boomerang closely misses you.
The weapon returns to the orc!
You block the gnoll's attack. You block the orc wizard's attack.
The orc wizard mumbles some strange words.
The orc wizard blinks!
The orc wizard hits you but does no damage.
There is a stone staircase leading up here.
The gnoll hits you with a +0 flail!
You die...
Your body glows slightly and disappears.

##......g.......#...#
##.....##...........
#############g########.....
#......# ##g# .....
#......# #g.# ## #......#
##.## #......# ##.g#
#......###g.######
#.........@o....o.
#......###.#######
#......##.o###
#......##....#
#.........##.#
########..##.# #...##..#
#...###... #.#)#####...


You could see a gnoll shaman, 2 orc wizards, 4 gnolls and an orc.

Vanquished Creatures
  A worker ant (D:4)
  A gnoll (D:1)
  5 adders
  2 oozes
  2 worms
  A dart slug (D:2)
  5 leopard geckos
  An orc (D:2)
  5 bats
  2 giant cockroaches
  8 goblins
  4 hobgoblins (D:3)
  3 kobolds
  A quokka (D:3)
  4 frilled lizards
  5 rats
50 creatures vanquished.

Vanquished Creatures (others)
  4 toadstools (D:2)
4 creatures vanquished.

Grand Total: 54 creatures vanquished

Notes
Turn   | Place    | Note
-------+----------+-------------------------------------------
     0 | D:1      | Mrkan the Minotaur Fighter began the quest for the Orb.
     0 | D:1      | Reached XP level 1. HP: 19/19 MP: 0/0
   161 | D:1      | Reached XP level 2. HP: 24/27 MP: 1/1
   490 | D:1      | Reached XP level 3. HP: 29/33 MP: 2/2
   878 | D:2      | Found a sparkling altar of Nemelex Xobeh.
   882 | D:2      | Became a worshipper of Nemelex Xobeh the Trickster
   960 | D:2      | Received a gift from Nemelex Xobeh
  1109 | D:2      | Reached XP level 4. HP: 37/40 MP: 3/3
  1925 | D:3      | Received a gift from Nemelex Xobeh
  2228 | D:3      | Reached * piety under Nemelex Xobeh
  2375 | D:4      | Reached XP level 5. HP: 35/47 MP: 4/4
  2419 | D:4      | HP: 1/47 [orc wizard/+0 dagger (3)]
  2422 | D:4      | Slain by a gnoll

Levels and vault maps discovered:
D:1:      wander_arrival_lonely_grave, layout_basic
D:2:      cheibrodos_helix_gallery, layout_loops_ring, first_ration,
          minmay_gold_behind_fungi, nemelex_dance_club_becter
D:3:      layout_loops_ring, kennysheep_generic_room_12
D:4:      layout_rooms

Skill      XL: |  1  2  3  4 |
---------------+-------------+-----
Axes           | 3 4 |  4.5
Fighting       | 4 |  4.4
Shields        | 4 |  4.4
Armour         | 4 |  4.4

Action                   |  1- 3 |  4- 6 || total
-------------------------+-------+-------++-------
Melee: War axe           |    75 |    59 ||   134
       Headbutt          |    13 |    16 ||    29
  Use: Potion            |       |     1 ||     1
  Eat: Chunk             |     1 |     3 ||     4
Armor: Scale mail        |    31 |    32 ||    63
Dodge: Dodged            |    21 |    17 ||    38
Block: Shield            |    35 |    43 ||    78
